 Dungeon Crawl Stone Soup version 0.29-a0-40-g8eb35efe60 (webtiles) character file.

Game seed: 3845011075522614054

203 porpoise the Magician (level 6, -9/46 HPs)
             Began as a Djinni Conjurer on Feb 2, 2022.
             Mangled by an ogre (18 damage)
             ... on level 4 of the Dungeon.
             The game lasted 00:09:09 (4282 turns).

porpoise the Magician (Djinni Conjurer)             Turns: 4282, Time: 00:09:09

Health: -9/46      AC:  3    Str:  8    XL:     6   Next: 8%
Gold:   114        EV: 12    Int: 20    God:
                   SH:  0    Dex: 11

rFire   + + .      SeeInvis .   b - +0 hunting sling
rCold   x . .      Faith    .   (no shield)
rNeg    + . .      Spirit   .   g - +0 robe
rPois   ∞          Reflect  .   (no helmet)
rElec   .          Harm     .   q - +0 cloak
rCorr   .          Rampage  .   (no gloves)
Will    .....                   (boots unavailable)
Stlth   ++........              (no amulet)
HPRegen 0.15/turn               h - ring of positive energy
MPRegen 0.00/turn               (no ring)

@: flying, very slightly contaminated
A: sickness immunity, fire resistance 2, cold vulnerability 1, float, innate
caster, HP casting, extra vitality 1
a: no special abilities


You were on level 4 of the Dungeon.
You visited 1 branch of the dungeon, and saw 4 of its levels.

You collected 125 gold pieces.
You spent 11 gold pieces at shops.

Inventory:

Hand Weapons
 a - a +0 short sword
 b - a +0 hunting sling (weapon)
Missiles
 d - 153 stones (quivered ammo)
 i - 6 javelins
 k - 30 arrows
Armour
 g - a +0 robe (worn)
 o - a +0 kite shield
 q - a +0 cloak (worn)
Jewellery
 c - a ring of fire
 h - a ring of positive energy (left hand)
Scrolls
 e - 3 scrolls of silence {unknown}
 f - 2 scrolls of magic mapping {unknown}
 m - a scroll of immolation {unknown}
 n - 2 scrolls of fear {unknown}
 p - a scroll of identify {unknown}
Potions
 j - a potion of haste {unknown}
 l - a potion of magic {unknown}
 r - a potion of heal wounds {unknown}


   Skills:
 * Level 3.2 Fighting
 - Level 2.1 Dodging
 + Level 2.6 Stealth
 * Level 4.2 Spellcasting


You couldn't memorise any spells.
You knew the following spells:

 Your Spells              Type           Power      Damage    Failure   Level
a - Magic Dart            Conj           84%        1d7       2%          1
b - Searing Ray           Conj           42%        2d6       3%          2
c - Fulminant Prism       Conj/Hex       10%        3d9       22%         4
d - Iskenderun's Mystic   Conj/Tloc      21%        2d6       22%         4
p - Pain                  Necr           84%        1d8       2%          1
w - Wereblood             Tmut           21%        N/A       3%          2
z - Dazzling Flash        Conj/Hex       42%        N/A       7%          3
Your spell library was empty.

Dungeon Overview and Level Annotations

Branches:
Dungeon (4/15)
 Temple: D:4-7

Altars:
Hepliaklqana
Sif Muna
Yredelemnul

Shops:
D:1 !


Innate Abilities, Weirdness & Mutations

You are immune to sickness and miasma.
You are immune to poison.
Your flesh is very heat resistant. (rF++)
You are vulnerable to cold. (rC-)
You float through the air rather than walking.
You learn spells naturally, not from books.
Your magical power is your life essence.
You have superior vitality. (+4 MHP)


Message History

You kill the orc!
You start resting.
HP restored.
Things that are here:
a +1 mace of holy wrath; a +0 leather armour; an orc corpse
Found a dagger.
You see here a hobgoblin corpse.
Found a book of Cantrips.
d - 153 stones (gained 2)
Found a stone staircase leading down.
There is a stone staircase leading down here.
An ogre comes into view. It is wielding a +0 giant club.
Found 3 scrolls labelled WAMPEO EVUSCH.
The ogre shouts!
You see here 6 gold pieces.
Casting: Searing Ray (safe; 3% risk of failure)
Confirm with . or Enter, or press ? or * to list all spells.
The spell is quite dangerous to miscast (22% risk of failure)!
Continue anyway?
Aiming: Fulminant Prism (quite dangerous; 22% risk of failure)
Press: ? - help, Dir - move target You miscast Fulminant Prism.
You are very lightly contaminated with residual magic.
Nothing appears to happen.
The ogre hits you with a +0 giant club!
Casting: Fulminant Prism (quite dangerous; 22% risk of failure)
Confirm with . or Enter, or press ? or * to list all spells.
Aiming: Searing Ray (safe; 3% risk of failure)
Press: ? - help, Shift-Dir - straight line The searing ray misses the ogre. (Press . to maintain the ray.)
The ogre hits you with a +0 giant club!
* * * LOW HITPOINT WARNING * * *
Unknown command.
The searing ray hits the ogre.
The ogre is lightly wounded.
* * * LOW HITPOINT WARNING * * *
The searing ray hits the ogre.
The ogre is moderately wounded.
* * * LOW HITPOINT WARNING * * *
The ogre hits you with a +0 giant club!!
You die...

######
#########......
....?..........
###O# #####
##.@>#
.....####..###
#......##
####....#
####....##.#
#####.....####...
....)...:.# ###.#
####.#.##.# .#
#.)†...##.# #


You could see an ogre.

Vanquished Creatures
  A phantom (D:3)
  A hound (D:3)
  3 gnolls (D:2)
  A worm (D:3)
  A dart slug (D:1)
  An orc (D:4)
  4 ball pythons
  7 bats
  6 endoplasms
  5 giant cockroaches
  6 goblins
  7 hobgoblins
  2 jackals (D:3)
  5 kobolds
  5 quokkas
  3 rats (D:3)
58 creatures vanquished.

Notes
Turn   | Place    | Note
-------+----------+-------------------------------------------
     0 | D:1      | porpoise the Djinni Conjurer began the quest for the Orb.
     0 | D:1      | Reached XP level 1. HP: 15/15 MP: 0/0
   191 | D:1      | Found a faded altar of an unknown god.
   367 | D:1      | Reached XP level 2. HP: 15/22 MP: 0/0
   548 | D:1      | Reached skill level 1 in Fighting
   901 | D:1      | Reached XP level 3. HP: 23/27 MP: 0/0
   901 | D:1      | Learned a level 1 spell: Pain
  1182 | D:1      | Found Itam's Distillery.
  1190 | D:1      | Bought a potion of degeneration for 11 gold pieces
  1738 | D:2      | Reached XP level 4. HP: 7/33 MP: 0/0
  3206 | D:3      | Noticed a phantom
  3217 | D:3      | Killed a phantom
  3218 | D:3      | Reached skill level 4 in Spellcasting
  3218 | D:3      | Reached XP level 5. HP: 2/40 MP: 0/0
  3218 | D:3      | Learned a level 2 spell: Wereblood
  3688 | D:3      | Reached XP level 6. HP: 30/46 MP: 0/0
  3903 | D:3      | Found a hazy altar of Hepliaklqana.
  3911 | D:3      | Found a basalt altar of Yredelemnul.
  4277 | D:4      | Noticed an ogre
  4282 | D:4      | Mangled by an ogre

Illustrated notes

Levels and vault maps discovered:
D:1:      lightli_arrival_maybe_door_vault, layout_basic,
          shapermc_ecumenical_altar_gd, serial_shops, nicolae_lakefront_shop,
          minmay_pentomino_x2
D:2:      layout_basic, roderic_roman_lattice
D:3:      layout_loops_ring, marbit_many_paths, mainiacjoe_overflow_big_doors
D:4:      layout_rooms, lightli_temple_of_fire

Skill      XL: |  1  2  3  4  5 |
---------------+----------------+-----
Fighting       | 1 2 3 |  3.2
Stealth        | 2 |  2.6
Spellcasting   | 4 |  4.2
Dodging        | |  2.1

Action                   |  1- 3 |  4- 6 || total
-------------------------+-------+-------++-------
 Fire: Hunting sling     |       |    10 ||    10
 Cast: Magic Dart        |    47 |    25 ||    72
       Searing Ray       |     5 |    18 ||    23
       Pain              |       |     3 ||     3
Armor: Robe              |     1 |     3 ||     4
Dodge: Dodged            |     5 |     9 ||    14

Table legend: (Time is in decaauts)
 A = Elapsed time spent in this place.
 B = Non-inter-level travel time spent in this place.
 C = Inter-level travel time spent in this place.
 D = Time resting spent in this place.
 E = Time spent auto-exploring this place.
 F = Levels seen in this place.
 G = Mean time per level.
                   A        B        C        D        E       F      G
               +--------+--------+--------+--------+--------+-----+--------+
         Total |   4281 |   4133 |    148 |   1827 |   1894 |   4 | 1070.2 |
       Dungeon |   4281 |   4133 |    148 |   1827 |   1894 |   4 | 1070.2 |
               +--------+--------+--------+--------+--------+-----+--------+

Top non-repeatable levels by time:
     D:2: 1625 daAuts
     D:3: 1333 daAuts
     D:1: 1235 daAuts
     D:4: 87 daAuts
